 Dungeon Crawl Stone Soup version 0.13.0-19-g8e0b589 (webtiles) character file.

189 M4edhros the Sneak (level 5, 0/34 HPs)
             Began as an Octopode Artificer on Oct 26, 2013.
             Slain by an orc wizard
             ... wielding a -1,+1 orcish dagger
              (4 damage)
             ... on Level 4 of the Dungeon.
             The game lasted 00:03:03 (2173 turns).

M4edhros the Sneak (Octopode Artificer)             Turns: 2173, Time: 00:03:03

HP   0/34        AC  2     Str 10      XL: 5   Next: 11%
MP   7/7         EV 12     Int 15      God:
Gold 62          SH  0     Dex 13      Spells:  0 memorised,  4 levels left

Res.Fire  : . . .   See Invis. : .   a - +0 short sword
Res.Cold  : . . .   Warding    : .   (no shield)
Life Prot.: . . .   Conserve   : .   (helmet restricted)
Res.Poison: .       Res.Corr.  : .   (no amulet)
Res.Elec. : .       Clarity    : .   e - +1 ring of protection
Sust.Abil.: . .     Spirit.Shd : .   (no ring)
Res.Mut.  : .       Stasis     : .   (no ring)
Res.Rott. : .       Flight     : .   (no ring)
Saprovore : . . .                    (no ring)
                                     (no ring)
                                     (no ring)
                                     (no ring)

@: slightly resistant to hostile enchantments, very stealthy
A: almost no armour, amphibious, 8 rings, constrict 8, camouflage 1, AC +1
a: no special abilities


You were on level 4 of the Dungeon.
You were not hungry.

You visited 1 branch of the dungeon, and saw 4 of its levels.

You collected 42 gold pieces.

Inventory:

Hand weapons
 a - a +0,+0 short sword (weapon)
Magical devices
 b - a wand of flame (2)
 c - a wand of enslavement (13)
 d - a wand of random effects (15)
 k - a wand of flame (13)
Comestibles
 f - 4 bread rations
Scrolls
 g - a scroll of teleportation
 h - a scroll of enchant weapon II
 j - a scroll of fog
 l - a scroll of remove curse {unknown}
 n - a scroll of identify
Jewellery
 e - a +1 ring of protection (left tentacle)
Potions
 i - 2 potions of heal wounds


   Skills:
 - Level 1.0 Fighting
 - Level 1.0 Short Blades
 - Level 2.0 Dodging
 + Level 6.9 Stealth
 - Level 3.2 Evocations


You had 4 spell levels left.
You didn't know any spells.

Dungeon Overview and Level Annotations

Branches:
Dungeon (4/27)
 Temple: D:4-7

Altars:


Innate Abilities, Weirdness & Mutations

You cannot wear most types of armour.
You are amphibious.
You can wear up to eight rings at the same time.
You can use your tentacles to constrict many enemies at once.
Your skin changes colour to match your surroundings (Stlth).
Your rubbery body absorbs attacks (AC +1).


Message History

You hear some strange, mumbled words.
The puff of flame misses you. The puff of flame hits your orc priest.
It hits you but does no damage.
You hear some strange, mumbled words.
The puff of flame hits you!
* * * LOW HITPOINT WARNING * * *
Drink which item? (? for menu, Esc to quit)
You feel much better. It hits you.
You feel less confused. It hits you. It hits you.
You closely miss it. It hits you.
You hit it. It hits you.
You hit it. It hits you.
You closely miss it.
You hear some strange, mumbled words.
The puff of flame hits you!
* * * LOW HITPOINT WARNING * * *
You miss it. Your squeeze misses it. It hits you.
You die...

... .. ......# ..
........# .#####.
......# ......
.....# .... ....#
#..# #...# #.# #..#
#o%.# #.# #..#
#.@.# #.# #..#
#.o.# #.# #..#
#...# ..####..#
#...# ........#
#...# ........#
#...#
......(.#######...#
).................#
###.###...........#


You could see a friendly orc priest and a friendly orc.

Vanquished Creatures
  An orc wizard (D:4)
  A worker ant (D:4)
  3 gnolls (D:2)
  A worm (D:2)
  A giant eyeball (D:4)
  An ooze (D:1)
  3 orcs (D:4)
  3 goblins
  6 hobgoblins
  A quokka (D:3)
  5 bats
  A giant cockroach (D:2)
  2 giant newts
  5 kobolds
  An orc skeleton (D:4)
  2 rats (D:1)
37 creatures vanquished.

Vanquished Creatures (collateral kills)
  An orc (D:4)
1 creature vanquished.

Grand Total: 38 creatures vanquished

Notes
Turn   | Place    | Note
--------------------------------------------------------------
     0 | D:1      | M4edhros, the Octopode Artificer, began the quest for the Orb.
     0 | D:1      | Reached XP level 1. HP: 14/14 MP: 1/1
   440 | D:1      | Reached XP level 2. HP: 16/19 MP: 3/3
  1073 | D:2      | Reached skill level 4 in Stealth
  1073 | D:2      | Reached XP level 3. HP: 20/24 MP: 4/4
  1269 | D:2      | Reached skill level 5 in Stealth
  1499 | D:2      | Reached XP level 4. HP: 20/29 MP: 6/6
  1702 | D:4      | Reached skill level 6 in Stealth
  1870 | D:4      | HP: 1/29 [worker ant (7)]
  1873 | D:4      | Reached XP level 5. HP: 9/34 MP: 7/7
  2173 | D:4      | Slain by an orc wizard

Action                   |  1- 3 |  4- 6 || total
-------------------------+-------+-------++-------
Melee: Short sword       |    61 |    12 ||    73
       Whip              |     8 |    32 ||    40
Evoke: Wand              |     2 |    13 ||    15
  Use: Potion            |     5 |     6 ||    11
       Scroll            |     3 |     4 ||     7
 Stab: Sleeping          |     4 |     4 ||     8
